 Dungeon Crawl Stone Soup version 0.19.1 (webtiles) character file.

58 esteth the Skirmisher (level 3, -3/29 HPs)
             Began as a Demonspawn Abyssal Knight on Dec 11, 2016.
             Was a Follower of Lugonu.
             Slain by a gnoll
             ... wielding a +0 halberd
              (10 damage)
             ... on level 2 of the Dungeon.
             The game lasted 00:05:41 (1268 turns).

esteth the Skirmisher (Demonspawn Abyssal Knight)   Turns: 1268, Time: 00:05:42

Health: -3/29      AC: 11    Str: 13    XL:     3   Next: 76%
Magic:  5/5        EV:  8    Int: 13    God:    Lugonu [*.....]
Gold:   47         SH:  0    Dex: 17    Spells: 0 memorised, 2 levels left

rFire  . . .     SeeInvis .     o - +0 spear (pierce)
rCold  . . .     Gourm    .     i - +0 plate armour
rNeg   . . .     Faith    .     (no shield)
rPois  .         Spirit   .     (no helmet)
rElec  .         Reflect  .     (no cloak)
rCorr  .         Harm     .     (no gloves)
MR     .....                    (no boots)
Stlth  ..........               (no amulet)
                                (no ring)
                                (no ring)

@: agile
A: talons 1, powered by pain 1
a: Depart the Abyss, Renounce Religion


You were on level 2 of the Dungeon.
You worshipped Lugonu.
Lugonu was aware of your devotion.
You were not hungry.

You visited 1 branch of the dungeon, and saw 2 of its levels.
You visited the Abyss 1 time.

You collected 47 gold pieces.

Inventory:

Hand Weapons
 a - a +1 falchion
 o - a +0 spear of piercing (weapon)
Armour
 b - a +0 leather armour
 i - a +0 plate armour (worn)
Scrolls
 d - 3 scrolls of magic mapping {unknown}
 e - a scroll of noise {unknown}
 k - a scroll of identify {unknown}
 l - a scroll of teleportation {unknown}
 m - a scroll of enchant weapon {unknown}
Potions
 f - a potion of beneficial mutation {unknown}
 g - a potion of cancellation {unknown}
 h - a potion of agility
 p - a potion of brilliance {unknown}
Comestibles
 c - a bread ration
 n - a chunk of flesh


   Skills:
 + Level 3.4 Fighting
 + Level 2.5 Long Blades
 + Level 0.5 Polearms
 + Level 2.2 Armour
 + Level 1.1 Dodging
 + Level 2.7 Invocations


You had 2 spell levels left.
You didn't know any spells.

Dungeon Overview and Level Annotations

Branches:
Dungeon (2/15)

Altars:


Innate Abilities, Weirdness & Mutations

You have sharp toenails.
You sometimes gain a little power by taking damage.


Message History

The gnoll hits you with a club. The gnoll closely misses you.
You closely miss the gnoll. You claw the gnoll, but do no damage.
The gnoll is almost dead.
The gnoll barely misses you. The gnoll closely misses you.
You hit the gnoll.
You kill the gnoll!
Lugonu accepts your kill.
The gnoll hits you from afar with a halberd.
* * * LOW HITPOINT WARNING * * *
The gnoll hits you but does no damage.
Things that are here:
a club; a gnoll corpse Your plate armour prevents you from hitting the gnoll.
You claw the gnoll, but do no damage. The gnoll hits you with a halberd.
* * * LOW HITPOINT WARNING * * *
You completely miss the gnoll. The gnoll barely misses you.
You barely miss the gnoll. You closely miss the gnoll.
Your kick misses the gnoll. The gnoll hits you with a halberd!
You die...

#....g.g....# #
#.#####...### ##. #.#
#.....#
##...##.#####.†.##
#...............#
##...##.######..# ##.
#=# #..# # #.######..#
#g@).....(# ########.##
######## #.# #......#
#.# #.####.#
#######.#### #.# #.#
#..........#
#<####.###.#####.#.#.##
#.##....................
#.##.#.###.###.....#.###


You could see a gnoll.

Vanquished Creatures
  3 gnolls (D:2)
  A worm (D:2)
  A leopard gecko (D:1)
  5 goblins (D:1)
  4 hobgoblins (D:1)
  4 bats
  2 frilled lizards (D:1)
  2 kobolds
  5 rats (D:1)
27 creatures vanquished.

Notes
Turn   | Place    | Note
-------+----------+-------------------------------------------
     0 | Abyss:1  | esteth the Demonspawn Abyssal Knight began the quest for the Orb.
     0 | Abyss:1  | Reached XP level 1. HP: 18/18 MP: 2/2
     8 | Abyss:1  | Found a sparkling altar of Nemelex Xobeh.
    54 | Abyss:2  | Found a corrupted altar of Lugonu.
    81 | Abyss:2  | Noticed a ynoxinul
    81 | D:1      | Escaped the Abyss
   308 | D:1      | Reached * piety under Lugonu
   310 | D:1      | Gained mutation: You have sharp toenails. [demonic ancestry]
   310 | D:1      | Reached XP level 2. HP: 19/24 MP: 3/3
   396 | D:1      | Reached skill level 1 in Dodging
  1225 | D:2      | Gained mutation: You sometimes gain a little power by taking damage. [demonic ancestry]
  1225 | D:2      | Reached XP level 3. HP: 8/29 MP: 5/5
  1268 | D:2      | Slain by a gnoll

Skill      XL: |  1  2 |
---------------+-------+-----
Long Blades    | 2 |  2.5
Dodging        | 1 |  1.1
Armour         | 2 |  2.2
Fighting       | |  3.4
Polearms       | |  0.5
Invocations    | |  2.7

Action                   || total
-------------------------++-------
Melee: Falchion          ||    71
       Kick              ||    29
       Spear             ||    31
Invok: Depart the Abyss  ||     1
  Use: Potion            ||     3
  Eat: Chunk             ||     1
Armor: Leather armour    ||    21
       Plate armour      ||    35
Dodge: Dodged            ||    66
       Rpst.: Falchion   ||    19
